 Dungeon Crawl Stone Soup version 0.27-a0-1193-g8631133539 (webtiles) character file.

Game seed: 5418357679118195324

22714 rjrrt the Severer (level 12, 0/89 HPs)
             Began as a Demonspawn Berserker on May 26, 2021.
             Was an Elder of Trog.
             Succumbed to Sonja's curare-tipped dart
             ... on level 3 of the Lair of Beasts.
             The game lasted 00:25:52 (17075 turns).

rjrrt the Severer (Demonspawn Berserker)           Turns: 17075, Time: 00:25:53

Health: 0/89       AC: 28    Str: 22    XL:     12   Next: 65%
Magic:  2/12       EV:  8    Int:  9    God:    Trog [****..]
Gold:   659        SH:  0    Dex: 13    Spells: 11/11 levels left

rFire    . . .     SeeInvis .   F - +2 spear (venom)
rCold    . . .     Faith    .   (no shield)
rNeg     . . .     Spirit   +   i - +0 plate armour
rPois    .         Reflect  .   l - +0 helmet
rElec    .         Harm     .   f - +0 cloak
rCorr    .         Rampage  .   (gloves unavailable)
Will     +....                  t - +0 pair of boots
Stlth    ..........             n - amulet of guardian spirit
HPRegen  0.24/turn              q - ring of willpower
MPRegen  0.13/turn              (no ring)

@: lethally poisoned (0 -> -16), sanguine armoured, slowed, very slow
A: claws 3, ignite blood 1, spiny 2, sanguine armour 3
a: Renounce Religion, Berserk, Trog's Hand, Brothers in Arms


You were on level 3 of the Lair of Beasts.
You worshipped Trog.
Trog was greatly pleased with you.
You visited 2 branches of the dungeon, and saw 13 of its levels.
You also visited: Ossuary.

You collected 718 gold pieces.
You spent 59 gold pieces at shops.

Inventory:

Hand Weapons
 a - a +3 hand axe of venom
 b - a +2 battleaxe
 A - a +1 vorpal executioner's axe
 F - a +2 spear of venom (weapon)
Missiles
 g - 10 boomerangs
 j - a throwing net
 p - 21 poisoned darts (quivered)
 s - 6 silver javelins
 B - 6 atropa-tipped darts
Armour
 f - a +0 cloak (worn)
 i - a +0 plate armour (worn)
 l - a +0 helmet (worn)
 t - a +0 pair of boots (worn)
Jewellery
 n - an amulet of guardian spirit (around neck)
 q - a ring of willpower (left claw)
Wands
 u - a wand of digging (1)
 w - a wand of iceblast (11)
 E - a wand of flame (49)
Scrolls
 c - 3 scrolls of blinking
 h - 2 scrolls of fear
 o - 3 scrolls of teleportation
 x - 8 scrolls of identify
 y - a scroll of enchant weapon
 D - a scroll of enchant armour
 H - a scroll of magic mapping
 I - a scroll of fog
Potions
 d - 2 potions of might
 e - a potion of lignification
 m - 2 potions of flight
 r - a potion of cancellation
 v - 3 potions of haste
 z - a potion of curing
 C - 7 potions of attraction
 G - a potion of mutation
Miscellaneous
 k - a tin of tremorstones (2/2)


   Skills:
 + Level 6.5 Fighting
 * Level 16.5 Axes
 + Level 5.5 Armour
 + Level 5.5 Dodging


You had 11 spell levels left.
You didn't know any spells.
Your spell library was empty.

Dungeon Overview and Level Annotations

Branches:
Dungeon (10/15)            Temple (0/1) D:4            Lair (3/6) D:8
 Shoals (0/4) Lair:2          Orc (0/2) D:10        Ossuary (visited)
  Snake: Lair:2-4    Spider: Lair:2-4

Altars:
Cheibriados
Dithmenos
Gozag
Kikubaaqudgha
Makhleb
Okawaru
Zin

Shops:
D:3 ![(?*

Annotations:
Lair:2 Sonja
Lair:3 exclusion: oklob plant


Innate Abilities, Weirdness & Mutations

You have claws for hands.
Your demonic aura sometimes causes spilled blood to erupt in flames.
You are mostly covered in sharp spines.
When seriously injured, your bleeding wounds create very thick armour. (AC +12)


Message History

The eight-headed hydra bites your black bear.
The eight-headed hydra bites your black bear!
The eight-headed hydra bites your black bear. x2
The eight-headed hydra bites your black bear! x2
Your black bear dies!
Your black bear's corpse disappears in a puff of smoke!
The eight-headed hydra bites you but does no damage. x2
Unknown command.
You feel very sick.
Unknown command.
You feel sick. The eight-headed hydra bites you!
* * * LOW HITPOINT WARNING * * *
The eight-headed hydra bites you but does no damage. x2
The eight-headed hydra bites you!
* * * LOW HITPOINT WARNING * * *
The eight-headed hydra barely misses you.
The eight-headed hydra bites you but does no damage.
The eight-headed hydra bites you!
* * * LOW HITPOINT WARNING * * *
The eight-headed hydra bites you but does no damage.
Unknown command.
You feel sick.
Sonja throws a curare-tipped dart.
The curare-tipped dart barely misses you.
Sonja zaps a wand.
You resist with almost no effort.
There is a stone staircase leading down here.
Unknown command.
You feel sick.
Sonja casts a spell.
Sonja blinks!
The eight-headed hydra is struck by your spines.
You kill the eight-headed hydra!
Trog accepts your kill.
Sonja throws a curare-tipped dart.
The curare-tipped dart hits you.
You are lethally poisoned!
You have difficulty breathing.
* * * LOW HITPOINT WARNING * * *
You feel as though you will be slow longer.
You climb downwards.
Level annotation: exclusion: oklob plant You die...

###.##.###.......#
##......#
########.......#
##......
#........#
#......#
#........######
##.....#
##........#...##
#......
#..............
####...
#..............
#...
#..............
#...
#.......@.......
##...
..........##.....
#.... .........###
#... ##...
...."....# .. #...
.........# #...
.........
..#####... .......
.......... ....
#........
#........


There were no monsters in sight!

Vanquished Creatures
  Gastronok (Lair:1)
  A boulder beetle (Lair:2)
  A hydra (Lair:2)
  A catoblepas (Lair:2)
  A two-headed ogre (D:9)
  A lindwurm (Lair:2)
  A cyclops (D:7)
  A black mamba (Lair:3)
  A merfolk siren (Lair:2)
  An elephant (Lair:2)
  6 cane toads
  Maggie (Lair:2)
  A rime drake (Lair:2)
  5 komodo dragons
  3 polar bears (Lair:3)
  3 trolls
  A dream sheep (Lair:2)
  5 blink frogs (Lair:1)
  2 wyverns
  4 shadows
  A wraith (D:8)
  3 basilisks
  15 yaks
  2 steam dragons
  An acid dragon (D:9)
  10 water moccasins
  An ice beast (D:7)
  An orc warrior (D:9)
  A black bear (D:6)
  An ogre (D:5)
  A sky beast (D:5)
  2 necrophages (D:6)
  15 wolves
  3 centaurs
  3 phantoms
  2 elf zombies (Ossuary)
  10 bullfrogs
  3 gnoll sergeants
  A scorpion (D:5)
  A wyvern zombie (D:8)
  A wyvern skeleton (D:5)
  A troll zombie (D:10)
  4 wights (D:8)
  7 killer bees (D:7)
  6 electric eels
  8 howler monkeys
  2 bullfrog zombies
  A human zombie (Ossuary)
  3 hounds (D:8)
  3 centaur zombies
  A jelly (D:7)
  6 orc priests
  A bullfrog skeleton (D:4)
  2 centaur skeletons (D:7)
  6 iguanas
  Jessica (D:2)
  4 orc wizards (D:5)
  A killer bee zombie (D:8)
  5 ogre zombies (D:10)
  A hound skeleton (D:4)
  3 mummies (Ossuary)
  2 howler monkey zombies
  Robin (D:3)
  20 gnolls
  A howler monkey skeleton (D:7)
  5 adders
  A shadow imp (D:7)
  A white imp (D:3)
  6 adder zombies
  A dart slug (D:1)
  18 orcs
  8 ball pythons
  A bat (D:2)
  6 endoplasms
  A giant cockroach (D:1)
  A gnoll zombie (Ossuary)
  22 goblins
  9 hobgoblins
  9 jackals
  7 kobolds
  6 quokkas
  A frilled lizard (D:1)
  6 goblin zombies
  A hobgoblin skeleton (D:10)
  3 hobgoblin zombies
  A jackal zombie (Ossuary)
  3 kobold zombies (Ossuary)
  10 orc zombies
  3 quokka zombies (Ossuary)
  4 rats
  5 rat zombies (Ossuary)
348 creatures vanquished.

Vanquished Creatures (collateral kills)
  A hydra (Lair:3)
  A cane toad (Lair:3)
2 creatures vanquished.

Vanquished Creatures (others)
  A human (D:5)
  A gnoll (D:8)
  8 fungi
  16 plants
  7 toadstools (Lair:2)
33 creatures vanquished.

Grand Total: 383 creatures vanquished

Notes
Turn   | Place    | Note
-------+----------+-------------------------------------------
     0 | D:1      | rjrrt the Demonspawn Berserker began the quest for the Orb.
     0 | D:1      | Reached XP level 1. HP: 18/18 MP: 1/1
   168 | D:1      | Reached skill level 3 in Axes
   431 | D:1      | Gained mutation: Your demonic aura sometimes causes spilled
                  | blood to erupt in flames. [demonic ancestry]
   431 | D:1      | Reached XP level 2. HP: 24/24 MP: 2/2
   871 | D:1      | Reached ** piety under Trog
  1011 | D:1      | Reached XP level 3. HP: 29/29 MP: 3/3
  1080 | D:1      | Found a faded altar of an unknown god.
  1132 | D:1      | Reached skill level 4 in Axes
  1782 | D:2      | Gained mutation: When seriously injured, your bleeding
                  | wounds create armour. (AC +12) [demonic ancestry]
  1782 | D:2      | Reached XP level 4. HP: 35/35 MP: 4/4
  1860 | D:2      | Noticed Jessica
  1868 | D:2      | Killed Jessica
  2216 | D:3      | Found Roaluu's Weapon Emporium.
  2259 | D:3      | Reached skill level 5 in Axes
  2407 | D:3      | Reached XP level 5. HP: 41/41 MP: 5/5
  2469 | D:3      | Found Ciczifo's Assorted Antiques.
  2535 | D:3      | Bought a scroll labelled MUNEROIKIDGH for 23 gold pieces
  2613 | D:3      | Found Sab Isar's Antique Armour Emporium.
  2678 | D:3      | Noticed Robin
  2714 | D:3      | Reached *** piety under Trog
  2723 | D:3      | Killed Robin
  2814 | D:3      | Reached skill level 6 in Axes
  3177 | D:3      | Gained mutation: You are partially covered in sharp spines.
                  | [demonic ancestry]
  3177 | D:3      | Reached XP level 6. HP: 44/47 MP: 6/6
  3266 | D:3      | Found Baedduxt's Distillery.
  3270 | D:3      | Bought a potion of curing for 36 gold pieces
  3513 | D:3      | Found Conuiwk's Magic Scroll Boutique.
  3758 | D:4      | Found a staircase to the Ecumenical Temple.
  3776 | D:4      | Found a burning altar of Makhleb.
  4702 | D:5      | Entered Level 5 of the Dungeon
  4870 | D:5      | Reached skill level 7 in Axes
  4921 | D:5      | Gained mutation: When seriously injured, your bleeding
                  | wounds create thick armour. (AC +12) [demonic ancestry]
  4921 | D:5      | Reached XP level 7. HP: 52/52 MP: 7/7
  5112 | D:5      | Reached skill level 8 in Axes
  5474 | D:5      | Found an ancient bone altar of Kikubaaqudgha.
  5475 | D:5      | Noticed a human
  5477 | D:5      | Killed a human
  5532 | D:5      | Gained mutation: When seriously injured, your bleeding
                  | wounds create very thick armour. (AC +12) [demonic
                  | ancestry]
  5532 | D:5      | Reached XP level 8. HP: 58/58 MP: 8/8
  6090 | D:6      | Reached **** piety under Trog
  6447 | D:6      | Found an opulent altar of Gozag.
  6551 | D:7      | Reached skill level 9 in Axes
  6616 | D:7      | Noticed a cyclops
  6626 | D:7      | Killed a cyclops
  6627 | D:7      | Gained mutation: You have sharp fingernails. [demonic
                  | ancestry]
  6627 | D:7      | Reached XP level 9. HP: 67/67 MP: 6/9
  6655 | D:7      | Reached skill level 5 in Fighting
  6669 | D:7      | Found a sand-covered staircase.
  6678 | Ossuary  | Entered an ossuary
  7073 | Ossuary  | Reached ***** piety under Trog
  7373 | D:7      | Reached skill level 10 in Axes
  8035 | D:8      | Reached skill level 5 in Armour
  8035 | D:8      | Reached skill level 5 in Dodging
  8102 | D:8      | Gained mutation: You have very sharp fingernails. [demonic
                  | ancestry]
  8102 | D:8      | Reached XP level 10. HP: 76/76 MP: 6/10
  8407 | D:8      | Reached skill level 11 in Axes
  9502 | D:8      | Found a staircase to the Lair.
  9973 | D:9      | Noticed a two-headed ogre
  9987 | D:9      | Killed a two-headed ogre
 10117 | D:9      | Reached skill level 12 in Axes
 10696 | D:9      | Received a gift from Trog
 10984 | D:10     | Entered Level 10 of the Dungeon
 11197 | D:10     | Reached skill level 13 in Axes
 11197 | D:10     | Gained mutation: You have claws for hands. [demonic
                  | ancestry]
 11197 | D:10     | Reached XP level 11. HP: 75/81 MP: 11/11
 11305 | D:10     | Found a staircase to the Orcish Mines.
 11578 | D:10     | Found a snail-covered altar of Cheibriados.
 11578 | D:10     | Found a shadowy altar of Dithmenos.
 11580 | D:10     | Found an iron altar of Okawaru.
 11580 | D:10     | Noticed a skeletal warrior
 11581 | D:10     | Noticed a skeletal warrior
 11720 | Lair:1   | Entered Level 1 of the Lair of Beasts
 11760 | Lair:1   | Noticed Gastronok
 11775 | Lair:1   | Killed Gastronok
 11924 | Lair:1   | Reached skill level 14 in Axes
 12960 | Lair:1   | Reached skill level 15 in Axes
 13312 | Lair:2   | Found a staircase to the Shoals.
 13561 | Lair:2   | Noticed Maggie
 13578 | Lair:2   | Killed Maggie
 13801 | Lair:2   | Noticed a boulder beetle
 13838 | Lair:2   | Gained mutation: You are mostly covered in sharp spines.
                  | [demonic ancestry]
 13838 | Lair:2   | Reached XP level 12. HP: 54/88 MP: 9/12
 13948 | Lair:2   | Killed a boulder beetle
 14942 | Lair:2   | Noticed a catoblepas
 14963 | Lair:2   | Found a runed translucent door.
 15183 | Lair:2   | Killed a catoblepas
 15184 | Lair:2   | Reached skill level 16 in Axes
 16067 | Lair:3   | Noticed a seven-headed hydra
 16075 | Lair:3   | Killed a seven-headed hydra
 17062 | Lair:2   | Noticed an eight-headed hydra
 17063 | Lair:2   | Noticed Sonja
 17074 | Lair:2   | Killed an eight-headed hydra
 17075 | Lair:3   | Succumbed to Sonja's curare-tipped dart

Illustrated notes

Levels and vault maps discovered:
D:1:      minmay_arrival_stone_box, layout_loops_corners,
          ebering_ecumenical_altar_webs, minmay_hedge_maze
D:2:      layout_loops_cross, st_stairs_4, uniq_jessica
D:3:      cheibrodos_pilgrimage, layout_loops_corners, serial_shops,
          nicolae_shop_stone, shop, nicolae_shop_statue_plus, shop, shop,
          minmay_quadrilaterals, uniq_robin
D:4:      layout_basic, amcnicky_altar_gilded, minmay_temple_entry_ruins
D:5:      layout_gridville, tgw_kikubaaqudgha
D:6:      layout_loops_ring, pdpol_temple_overflow_zin_treasury_gozag_greed
D:7:      layout_rooms, nicolae_ossuary_entry_ruins, grunt_tough_drop
D:8:      layout_loops_ring, erik_lair_island
D:9:      layout_rooms
D:10:     layout_loops_cross, grunt_temple_overflow_open, zombieorc1_lemuel,
          item_on_display_b
Lair:1:   layout_cave_pods, grunt_megastairs_4, uniq_gastronok
Lair:2:   gammafunk_lair_enchanted_lake, layout_cave_pods,
          minmay_shoals_entry_lonely_mermaid, st_stairs_4, guppyfry_lair_drakes,
          uniq_maggie, uniq_sonja
Lair:3:   layout_cellular_growth, cheibrodos_lair_lostbears, grunt_megastairs_2,
          minmay_lair_oklob_chamber

Skill      XL: |  1  2  3  4  5  6  7  8  9 10 11 12 |
---------------+-------------------------------------+-----
Axes           | 3 4 5 6 7 8 9 10 13 15 16 | 16.5
Armour         | 2 3 5 |  5.5
Dodging        | 2 3 5 |  5.5
Fighting       | 4 6 |  6.5

Action                   |  1- 3 |  4- 6 |  7- 9 | 10-12 || total
-------------------------+-------+-------+-------+-------++-------
Melee: Hand axe          |   108 |   154 |   314 |   523 ||  1099
       Battleaxe         |       |       |       |    61 ||    61
Throw: Dart              |       |     1 |       |    39 ||    40
Invok: Berserk           |     1 |     5 |     4 |     7 ||    17
       Brothers in Arms  |       |       |       |     5 ||     5
Evoke: Wand              |       |       |       |     1 ||     1
  Use: Scroll            |     4 |     6 |     8 |     5 ||    23
       Potion            |       |       |     1 |     2 ||     3
Armor: Ring mail         |    48 |    71 |   108 |       ||   227
       Chain mail        |       |       |     4 |    77 ||    81
       Plate armour      |       |       |       |   185 ||   185
Dodge: Dodged            |    60 |    83 |   148 |   147 ||   438

Table legend: (Time is in decaauts)
 A = Elapsed time spent in this place.
 B = Non-inter-level travel time spent in this place.
 C = Inter-level travel time spent in this place.
 D = Time resting spent in this place.
 E = Time spent auto-exploring this place.
 F = Levels seen in this place.
 G = Mean time per level.
                   A        B        C        D        E       F      G
               +--------+--------+--------+--------+--------+-----+--------+
         Total |  17114 |  16704 |    410 |   2794 |  10818 |  14 | 1222.4 |
       Dungeon |  11313 |  11036 |    277 |   1215 |   7748 |  10 | 1131.3 |
          Lair |   5396 |   5263 |    133 |   1579 |   2870 |   3 | 1798.7 |
       Ossuary |    404 |    404 |      0 |      0 |    200 |   1 |  404.0 |
               +--------+--------+--------+--------+--------+-----+--------+

Top non-repeatable levels by time:
  Lair:2: 2587 daAuts
     D:8: 2152 daAuts
  Lair:1: 1500 daAuts
     D:1: 1457 daAuts
     D:3: 1401 daAuts
  Lair:3: 1309 daAuts
     D:4: 1135 daAuts
     D:5: 1052 daAuts
     D:9: 1007 daAuts
     D:7: 889 daAuts
     D:6: 788 daAuts
     D:2: 769 daAuts
    D:10: 657 daAuts
 Ossuary: 404 daAuts
